AoeStats
← parradodj

Yucatan

510945637Analyzed
2v2 RM · 13h ago on Oct 3, 2026· 46m 12s· 4 players
Game mode
Random Map
Map size
Medium (4 player)
Population
200
Speed
Normal
Resources
Standard
Victory
Conquest
Starting age
Dark Age
Ending age
Imperial Age
RankedLock teamsTeams togetherTeam positionsShared explorationLock speedFull tech treeHidden civsTurbo modeCheats
Victory
Defeat
🇺🇸 Turks · United States
814
+17
🇺🇸 Spanish · United States
784
+18
🇨🇴 Chinese · Colombia
848
-18
🇺🇸 Goths · United States
826
-44
Killer13347_tt
3:30 Loom
13:30 Feudal Age
14:16 Town Watch
14:24 Town Watch
19:00 Wheelbarrow
21:39 Man-at-Arms
28:27 Castle Age
28:29 Long Swordsman
parradodj
1:45 Loom
14:46 Feudal Age
15:39 Horse Collar
15:48 Double-Bit Axe
15:57 Stone Mining
15:57 Gold Mining
16:51 Wheelbarrow
17:59 Man-at-Arms
22:38 Castle Age
23:19 Bloodlines
23:55 Bow Saw
23:49 Heavy Plow
23:44 Long Swordsman
23:44 Pikeman
23:48 Light Cavalry
25:00 Elite Skirmisher
25:45 Squires
28:59 Great Wall
29:51 Husbandry
29:28 Crossbowman
30:26 Town Watch
32:43 Stone Shaft Mining
36:59 Fletching
37:10 Padded Archer Armor
37:20 Forging
37:11 Scale Mail Armor
37:17 Scale Barding Armor
39:03 Hand Cart
41:15 Gold Shaft Mining
45:38 Bodkin Arrow
45:58 Leather Archer Armor
46:00 Chain Mail Armor
Ignatius
13:28 Feudal Age
15:09 Loom
18:57 Castle Age
16:47 Double-Bit Axe
16:45 Horse Collar
24:36 Imperial Age
29:00 Heavy Plow
29:10 Gold Mining
29:11 Stone Mining
29:50 Bow Saw
35:38 Wheelbarrow
44:48 Two-Man Saw
44:12 Hand Cart
45:19 Conscription
alexjbutterfield
11:15 Feudal Age
11:02 Loom
15:54 Horse Collar
16:12 Stone Mining
18:28 Castle Age
19:54 Gold Mining
20:07 Heavy Plow
26:28 Double-Bit Axe
28:44 Ballistics
29:17 Gambesons
30:21 Caravan
34:54 Bloodlines
34:05 Light Cavalry
34:46 Husbandry
41:55 Bow Saw
45:17 Imperial Age
42:49 Squires
42:10 Pikeman
42:11 Man-at-Arms
43:04 Forging
42:55 Scale Mail Armor
43:00 Scale Barding Armor
42:56 Padded Archer Armor
42:46 Fletching
45:03 Wheelbarrow
Connection lost

Rejoining the realm…

Still unreachable

The connection could not be restored.

Session expired

The server has moved on; the page needs a fresh start.